 Dungeon Crawl Stone Soup version 0.24-a0-463-g3510def (webtiles) character file.

Game seed: 7689582280478559484

47 wirefist the Sneak (level 3, 0/18 HPs)
             Began as a Spriggan Enchanter on July 2, 2019.
             Slain by a bullfrog skeleton (2 damage)
             ... on level 3 of the Dungeon.
             The game lasted 00:05:14 (2278 turns).

wirefist the Sneak (Spriggan Enchanter)             Turns: 2278, Time: 00:05:15

Health: 0/18       AC:  2    Str:  4    XL:     3   Next: 48%
Magic:  8/8        EV: 19    Int: 16    God:
Gold:   106        SH:  0    Dex: 17    Spells: 5/8 levels left

rFire    . . .     SeeInvis +   a - +1 dagger
rCold    . . .     Gourm    .   (shield restricted)
rNeg     . . .     Faith    .   b - +0 robe
rPois    .         Spirit   .   (helmet restricted)
rElec    .         Reflect  .   (no cloak)
rCorr    .         Harm     .   (gloves unavailable)
MR       .....                  (boots unavailable)
Stlth    +++.......             (no amulet)
HPRegen  0.06/turn              (no ring)
MPRegen  0.11/turn              (no ring)

@: very quick
A: very small, unfitting armour, see invisible, herbivore, speed 3, slow
metabolism 2
a: no special abilities


You were on level 3 of the Dungeon.
You were not hungry.

You visited 1 branch of the dungeon, and saw 3 of its levels.

You collected 106 gold pieces.

Inventory:

Hand Weapons
 a - a +1 dagger (weapon)
Armour
 b - a +0 robe (worn)
Scrolls
 c - 2 scrolls of enchant armour {unknown}
 g - a scroll of remove curse {unknown}
Potions
 e - 2 potions of flight {unknown}
 f - 2 potions of resistance {unknown}
 h - a potion of lignification {unknown}
 i - a potion of mutation {unknown}
Comestibles
 d - 5 rations


   Skills:
 + Level 1.0 Fighting
 + Level 1.8 Short Blades
 + Level 3.4 Dodging
 + Level 5.1 Stealth
 - Level 3.0 Spellcasting
 - Level 4.0 Hexes


You had 5 spell levels left.
You knew the following spells:

 Your Spells              Type           Power        Failure   Level  Hunger
a - Corona                Hex            ###....      3%          1    #......
b - Ensorcelled Hibernat  Hex/Ice        #.....       12%         2    ##.....

Your spell library contained the following spells:

 Spells                   Type           Power        Failure   Level  Hunger
 Confuse                  Hex            ###.....     11%         3    ###....
 Tukima's Dance           Hex            ###.....     11%         3    ###....
 Dazzling Spray           Conj/Hex       #.....       24%         3    ###....


Dungeon Overview and Level Annotations

Branches:
Dungeon (3/15)

Altars:


Innate Abilities, Weirdness & Mutations

You are very small and have problems with some larger weapons.
You are too small for most types of armour.
You have supernaturally acute eyesight. (SInv)
You are a herbivore.
You cover ground extremely quickly.
You need to consume almost no food.


Message History

The bullfrog skeleton is moderately damaged.
The bullfrog skeleton completely misses you.
You hit the bullfrog skeleton but do no damage.
The bullfrog skeleton is moderately damaged.
The bullfrog skeleton closely misses you.
You hit the bullfrog skeleton but do no damage.
The bullfrog skeleton is moderately damaged.
The bullfrog skeleton barely misses you.
You hit the bullfrog skeleton but do no damage.
The bullfrog skeleton is moderately damaged.
The bullfrog skeleton hits you.
You hit the bullfrog skeleton.
The bullfrog skeleton is moderately damaged.
The bullfrog skeleton hits you.
* * * LOW HITPOINT WARNING * * *
You hit the bullfrog skeleton.
The bullfrog skeleton is heavily damaged.
The bullfrog skeleton barely misses you.
The bullfrog skeleton hits you.
You die...

##.#..#...P≈≈≈.P≈ #...
..#..#..P≈≈≈≈≈ #..# ..#..#
≈≈≈≈.≈ ≈. # #..# #.#..#
≈≈≈# ≈≈#
#.#..####.#..####.###.##
+.#.....#.#....#...#...#.
#.#.###.#................
#.....†.......Z..........
#............@...........
#.#.###..................
#.....#.#.#....#...#...#.
#...#.###....####.###.##
####...#.##.....# #≈≈≈# ≈≈
.............#.##..≈≈≈.≈
...###.#........#≈≈≈≈≈≈≈≈≈
..#
#.##########≈≈≈≈≈≈≈≈≈≈. .#
#.# ##........P#


You could see a bullfrog skeleton.

Vanquished Creatures
  2 worms
  2 dart slugs
  A leopard gecko (D:3)
  4 bats
  7 hobgoblins
  8 jackals (D:2)
  A quokka (D:2)
  2 frilled lizards
  2 goblins (D:1)
  5 rats
34 creatures vanquished.

Notes
Turn   | Place    | Note
-------+----------+-------------------------------------------
     0 | D:1      | wirefist the Spriggan Enchanter began the quest for the
                  | Orb.
     0 | D:1      | Reached XP level 1. HP: 9/9 MP: 5/5
   257 | D:1      | Reached XP level 2. HP: 13/13 MP: 6/6
   552 | D:1      | Learned a level 2 spell: Ensorcelled Hibernation
   699 | D:2      | Reached skill level 5 in Stealth
   947 | D:2      | Reached XP level 3. HP: 14/17 MP: 8/8
  2204 | D:3      | Reached skill level 1 in Fighting
  2278 | D:3      | Slain by a bullfrog skeleton

Levels and vault maps discovered:
D:1:      saegor_arrival_simple_b, layout_loops_ring, minivault_4
D:2:      layout_basic, serial_corexii_hall, corexii_hall_statues_deadend,
          corexii_hall_statues_u
D:3:      wad_lake_hut, layout_basic, first_ration, minmay_door_square,
          amethyst_killhole, serial_bayou_ford_a, grunt_decor_one_mirror,
          uniq_robin

Skill      XL: |  1  2  3 |
---------------+----------+-----
Spellcasting   | 3 |  3.0
Stealth        | 5 |  5.1
Hexes          | 4 |  4.0
Fighting       | 1 |  1.0
Short Blades   | |  1.8
Dodging        | |  3.4

Action                   || total
-------------------------++-------
Melee: Dagger            ||   179
 Cast: Ensorcelled Hiber ||     3
 Stab: Sleeping          ||    12
Armor: Robe              ||    13
Dodge: Dodged            ||   149

Table legend:
 A = Non-vault XP
 B = Vault XP
 C = Vault XP percentage of total XP
 D = Non-vault monster count
 E = Vault monster count
 F = Vault count percentage of total count
                 A         B        C        D         E       F
            +---------+---------+-------+---------+---------+-------
      Total |      68 |       0 |   0.0 |      34 |       0 |   0.0
            +---------+---------+-------+---------+---------+-------
        D:1 |      19 |       0 |   0.0 |      11 |       0 |   0.0
        D:2 |      38 |       0 |   0.0 |      19 |       0 |   0.0
        D:3 |      11 |       0 |   0.0 |       4 |       0 |   0.0
            +---------+---------+-------+---------+---------+-------
